 Dungeon Crawl Stone Soup version 0.20-a0-269-g17f5411 (webtiles) character file.

158 shitimlost the Twirler (level 5, -4/31 HPs)
             Began as a Gargoyle Gladiator on Dec 8, 2016.
             Killed by divine providence
             ... invoked by an orc priest
              (14 damage)
             ... on level 3 of the Dungeon.
             The game lasted 00:03:53 (2427 turns).

shitimlost the Twirler (Gargoyle Gladiator)         Turns: 2427, Time: 00:03:53

Health: -4/31      AC:  9    Str: 19    XL:     5   Next: 40%
Magic:  5/5        EV: 12    Int:  9    God:
Gold:   81         SH:  0    Dex: 10    Spells: 4/4 levels left

rFire  . . .     SeeInvis .     a - +0 quarterstaff
rCold  . . .     Gourm    .     b - +1 leather armour
rNeg   + . .     Faith    .     (shield currently unavailable)
rPois  ∞         Spirit   .     c - +0 helmet
rElec  +         Reflect  .     (no cloak)
rCorr  .         Harm     .     (no gloves)
MR     .....                    (no boots)
Stlth  +.........               (no amulet)
                                (no ring)
                                (no ring)

@: no status effects
A: negative energy resistance 1, electricity resistance, unbreathing,
petrification resistance, rot immunity, AC +4
a: no special abilities


You were on level 3 of the Dungeon.
You were not hungry.

You visited 1 branch of the dungeon, and saw 3 of its levels.

You collected 81 gold pieces.

Inventory:

Hand Weapons
 a - a +0 quarterstaff (weapon)
Missiles
 d - 2 throwing nets (quivered)
Armour
 b - a +1 leather armour (worn)
 c - a +0 helmet (worn)
Jewellery
 r - a cursed ring of loudness {unknown}
Scrolls
 j - a scroll of teleportation
 o - 2 scrolls of recharging
Potions
 e - a potion of berserk rage
 g - a potion of curing {unknown}
 l - a potion of brilliance {unknown}
 m - a potion of lignification {unknown}
 q - a potion of degeneration {unknown}
Comestibles
 f - a bread ration
 h - 2 beef jerkies
 i - 2 meat rations
 u - a chunk of flesh


   Skills:
 - Level 2.7 Fighting
 + Level 5.3 Staves
 - Level 2.1 Throwing
 - Level 2.6 Dodging


You had 4 spell levels left.
You didn't know any spells.

Dungeon Overview and Level Annotations

Branches:
Dungeon (3/15)

Altars:
Nemelex Xobeh
Xom

Annotations:
D:3 Grinder


Innate Abilities, Weirdness & Mutations

You are resistant to torment.
Your stone body is resilient. (AC +4)
You are immune to poison.
You resist negative energy. (rN+)
You are resistant to electric shocks. (rElec)
You can survive without breathing.
You are immune to petrification.
You are immune to rotting.


Message History

The orc wizard struggles against the net.
You hit the orc wizard.
The orc wizard is severely wounded.
The orc wizard points at you and mumbles some strange words.
You resist with some effort.
The orc wizard struggles against the net.
You barely miss the orc wizard.
The orc wizard is severely wounded.
The orc priest mumbles some strange prayers to Beogh against you.
Beogh smites you! The orc closely misses you.
You thump the orc wizard!
You kill the orc wizard!
The orc barely misses you.
The orc priest invokes the aid of Beogh against you.
Beogh smites you! The giant cockroach closely misses you.
An orc comes into view. It is wielding a hand axe.
You see here an orc corpse.
The orc priest mumbles some strange prayers to Beogh against you.
Beogh smites you!
You die...

#########
####>......
#........#####
##.....#.......
####..............
#@†so.oo..........
#....)...##......o
##.......#.).......
#.......(#......o..
#............s.....
#########.##...o...
###..<.s.o.
##.###... ...# ###


You could see an orc priest, 2 orcs and a giant cockroach.

Vanquished Creatures
  Jessica (D:2)
  An orc wizard (D:3)
  7 adders (D:2)
  An ooze (D:2)
  2 worms (D:2)
  A dart slug (D:2)
  A leopard gecko (D:2)
  2 orcs
  A ball python (D:2)
  A bat (D:2)
  3 giant cockroaches
  5 goblins
  A frilled lizard (D:1)
  5 kobolds
  4 rats
36 creatures vanquished.

Notes
Turn   | Place    | Note
-------+----------+-------------------------------------------
     0 | D:1      | shitimlost the Gargoyle Gladiator began the quest for the Orb.
     0 | D:1      | Reached XP level 1. HP: 12/12 MP: 1/1
   362 | D:1      | Reached XP level 2. HP: 13/18 MP: 2/2
   913 | D:2      | Reached XP level 3. HP: 17/22 MP: 3/3
   954 | D:2      | Found a sparkling altar of Nemelex Xobeh.
   994 | D:2      | Found a shimmering altar of Xom.
  1008 | D:2      | Noticed Jessica
  1027 | D:2      | Killed Jessica
  1027 | D:2      | Reached skill level 4 in Staves
  1027 | D:2      | Reached XP level 4. HP: 13/27 MP: 4/4
  1924 | D:2      | Reached XP level 5. HP: 31/31 MP: 5/5
  2105 | D:2      | Reached skill level 5 in Staves
  2301 | D:3      | Noticed Grinder
  2427 | D:3      | Killed from afar by an orc priest

Vault maps used:
D:1:      lemuel_arrival_river_bridge
D:2:      lemuel_doored_altar, nemelex_xobeh_ov_fountains_minmay, uniq_jessica
D:3:      minmay_wonky_spiral, zin_angel, nicolae_ru_the_path_less_chosen,
          uniq_grinder

Skill      XL: |  1  2  3  4  5 |
---------------+----------------+-----
Throwing       | 2 |  2.1
Staves         | 4 5 |  5.3
Fighting       | |  2.7
Dodging        | |  2.6

Action                   |  1- 3 |  4- 6 || total
-------------------------+-------+-------++-------
Melee: Quarterstaff      |    55 |    77 ||   132
Throw: Throwing net      |       |     2 ||     2
  Use: Scroll            |       |     8 ||     8
  Eat: Chunk             |       |     5 ||     5
Armor: Leather armour    |    13 |    30 ||    43
Dodge: Dodged            |    30 |    47 ||    77
